 Dungeon Crawl Stone Soup version 0.31-b1-22-gc680215f68 (webtiles) character file.

Game seed: 11685614028440826932

10914 Cheops the Spear-Bearer (level 12, -18/81 HPs)
             Began as a Formicid Fighter on Jan 17, 2024.
             Was a Priest of Makhleb.
             Killed from afar by Jorgrun (47 damage)
             ... with an iron shot
             ... on level 12 of the Dungeon on Jan 18, 2024.
             The game lasted 00:37:50 (16233 turns).

Cheops the Spear-Bearer (Formicid Fighter)         Turns: 16233, Time: 00:37:51

Health: -18/81     AC: 15    Str: 26    XL:     12   Next: 1%
Magic:  20/20      EV: 12    Int:  8    God:    Makhleb [***...]
Gold:   518        SH:  5    Dex: 13    Spells: 11/11 levels left

rFire   . . .        a - +0 trident
rCold   + + .        i - +0 buckler
rNeg    . . .        k - +7 Kryia's mail coat {PotionHeal*2 rC+}
rPois   .            (helmet unavailable)
rElec   .            (no cloak)
rCorr   .            (no gloves)
SInv    +            (no boots)
Will    +....        E - amulet of faith Stlth
                     y - +5 ring of evasion
HPRegen 0.33/turn    J - ring of protection from cold
MPRegen 0.17/turn

%: faith
@: mighty, grasped by roots, constricted, studying Armour
A: permanent stasis, dig shafts and tunnels, antennae 3, four strong arms
a: Dig, Shaft Self, Renounce Religion, Minor Destruction, Lesser Servant of
Makhleb


You were on level 12 of the Dungeon.
You worshipped Makhleb.
Makhleb was most pleased with you.
You visited 2 branches of the dungeon, and saw 13 of its levels.

You collected 548 gold pieces.
You spent 30 gold pieces at shops.

Inventory:

Hand Weapons
 a - a +0 trident (weapon)
 b - a +0 war axe of electrocution
 c - a +2 vampiric war axe
Missiles
 e - 2 throwing nets
Armour
 i - a +0 buckler (worn)
 k - the +7 Kryia's mail coat (worn) {PotionHeal*2 rC+}
   (You found it on level 2 of the Dungeon)

   PotionHeal*2: Potions heal its wearer twice as much.
   rC+:       It protects you from cold.
 t - a +2 chain mail of willpower
 A - a +2 scale mail of cold resistance
 C - a +0 scale mail
 M - a +0 troll leather armour
Jewellery
 y - a +5 ring of evasion (left hand)
 E - an amulet of faith (around neck)
 J - a ring of protection from cold (right hand)
Wands
 h - a wand of paralysis (19)
 q - a wand of digging (7)
 x - a wand of polymorph (5)
 D - a wand of roots (25)
 N - a wand of flame (4)
Scrolls
 j - 2 scrolls of enchant armour
 p - a scroll of silence
 r - 2 scrolls of vulnerability {unknown}
 s - 2 scrolls of fear
 u - a scroll of enchant weapon
 z - a scroll of revelation
 G - a scroll of immolation
 I - 2 scrolls of noise
Potions
 d - a potion of might
 f - a potion of heal wounds
 g - 3 potions of resistance
 l - 2 potions of attraction
 n - 2 potions of curing
 o - 2 potions of brilliance
 v - a potion of haste {unknown}
 w - a potion of cancellation {unknown}
 B - 2 potions of mutation {unknown}
 F - 2 potions of invisibility {unknown}
 H - a potion of ambrosia {unknown}
 K - a potion of enlightenment {unknown}


   Skills:
 - Level 3.2 Fighting
 - Level 14.0 Polearms
 + Level 10.8 Armour
 - Level 4.0 Shields
 * Level 10.8 Invocations
 - Level 3.0 Evocations


You had 11 spell levels left.
You didn't know any spells.
Your spell library contained the following spells:

 Spells                   Type           Power      Damage    Failure   Level
 Magic Dart               Conj           0%         1d3       69%         1
 Lesser Beckoning         Tloc           0%         N/A       83%         2
 Searing Ray              Conj           0%         2d4       83%         2
 Gell's Gravitas          Tloc           0%         N/A       96%         3
 Teleport Other           Tloc           0%         N/A       96%         3
 Anguish                  Hex/Necr       0%         N/A       100%        4
 Cause Fear               Hex            0%         N/A       100%        4
 Fulminant Prism          Conj/Alch      0%         3d5       100%        4
 Enfeeble                 Hex            0%         N/A       100%        7


Dungeon Overview and Level Annotations

Branches:
Dungeon (12/15)            Temple (1/1) D:7            Lair (0/5) D:9
    Orc (0/2) D:9

Altars:
Ashenzari
Cheibriados
Dithmenos
Elyvilon
Fedhas
Gozag
Hepliaklqana
Kikubaaqudgha
Makhleb
Nemelex Xobeh
Okawaru
Qazlal
Ru
Sif Muna
Trog
Uskayaw
Vehumet
Wu Jian
Xom
Yredelemnul
Zin
The Shining One

Shops:
D:3 [   D:5 :*

Annotations:
D:12 Jorgrun


Innate Abilities, Weirdness & Mutations

You cannot be hasted, slowed, berserked, paralysed or teleported.
You can dig through walls and to a lower floor.
You have a pair of large antennae on your head. (SInv)
Your four strong arms can wield two-handed weapons with a shield.


Message History

Jorgrun says, "May tha earth consume ye!"
You miss Jorgrun.
Jorgrun hits you with a +0 heavy quarterstaff!
You impale Jorgrun!!
Jorgrun is moderately wounded.
You miss Jorgrun.
Jorgrun is moderately wounded.
Jorgrun points at you and mumbles some strange words.
Roots burst forth from the earth!
The grasping roots grab you! The grasping roots constrict you.
You puncture Jorgrun!
Jorgrun is moderately wounded.
You miss Jorgrun.
Jorgrun is moderately wounded.
Jorgrun hits you with a +0 heavy quarterstaff!
The grasping roots constrict you.
You miss Jorgrun.
Jorgrun is moderately wounded.
You barely miss Jorgrun.
Jorgrun is moderately wounded.
You puncture Jorgrun!
Jorgrun is heavily wounded.
Jorgrun hits you with a +0 heavy quarterstaff!
The grasping roots constrict you!
* * * LOW HITPOINT WARNING * * *
You puncture Jorgrun!
Jorgrun is heavily wounded.
You barely miss Jorgrun.
Jorgrun is heavily wounded.
Jorgrun completely misses you. The grasping roots constrict you.
* * * LOW HITPOINT WARNING * * *
You hit Jorgrun.
Jorgrun is heavily wounded.
You puncture Jorgrun!
Jorgrun is severely wounded.
Jorgrun gestures at you while chanting. The iron shot hits you!!!
Ouch! That really hurt!
You die...

#........# .....
#........#
#........#
#........#
#........#####
####.............
#................
#................
#######..@g......
#..........
#..........
#######.... ###


You could see Jorgrun.

Vanquished Creatures
  Erica (D:10)
  A two-headed ogre (D:12)
  3 manticores
  A gargoyle (D:11)
  2 komodo dragons
  2 trolls
  Sigmund (D:2)
  2 wraiths
  A shadow (D:12)
  3 slime creatures (D:12)
  10 yaks
  Eustachio (D:5)
  2 vampire mosquitoes (D:10)
  Edmund (D:4)
  An acid dragon (D:9)
  Duvessa (D:5)
  An ice beast (D:6)
  4 orc warriors
  3 black bears
  A sky beast (D:7)
  4 centaurs
  2 phantoms
  2 bullfrogs
  A kobold brigand (D:8)
  A gnoll sergeant (D:10)
  3 scorpions
  8 wights
  Dowan (D:5)
  9 killer bees
  2 electric eels (D:9)
  5 howler monkeys
  3 hounds
  2 bombardier beetles (D:6)
  4 jellies
  7 orc priests
  3 iguanas (D:5)
  Ijyb (D:5)
  15 orc wizards
  A sleepcap (D:3)
  Natasha (thrice) (D:4)
  5 adders
  6 gnolls
  A shadow imp (D:6)
  2 ufetubi (D:6)
  A ribbon worm (D:5)
  3 dart slugs
  49 orcs
  10 ball pythons
  8 endoplasms
  4 giant cockroaches
  10 hobgoblins
  10 jackals
  11 quokkas
  5 bats
  5 frilled lizards
  10 goblins
  16 kobolds
  3 rats
278 creatures vanquished.

Notes
Turn   | Place    | Note
-------+----------+-------------------------------------------
     0 | D:1      | Cheops the Formicid Fighter began the quest for the Orb.
     0 | D:1      | Reached XP level 1. HP: 18/18 MP: 1/1
    64 | D:1      | Reached XP level 2. HP: 21/24 MP: 2/2
   133 | D:1      | Reached skill level 3 in Polearms
   197 | D:1      | Reached XP level 3. HP: 29/29 MP: 3/3
   258 | D:1      | HP: 1/29 [kobold/+5 short sword (4)]
   910 | D:2      | Found the +7 Kryia's mail coat {PotionHeal*2 rC+}
  1120 | D:2      | Noticed Sigmund
  1150 | D:1      | Reached XP level 4. HP: 35/35 MP: 4/4
  1270 | D:2      | Reached skill level 4 in Polearms
  1452 | D:3      | Found an iron altar of Okawaru.
  1654 | D:3      | Found Riopaw's Armour Boutique.
  1794 | D:3      | Reached XP level 5. HP: 41/41 MP: 5/5
  2225 | D:4      | Noticed Edmund
  2300 | D:4      | Found an ancient bone altar of Kikubaaqudgha.
  2399 | D:4      | You fall into a shaft and drop 1 floor!
  2399 | D:5      | Entered Level 5 of the Dungeon
  2528 | D:5      | Found a burning altar of Makhleb.
  2536 | D:5      | Noticed Ijyb
  2552 | D:5      | Killed Ijyb
  2553 | D:5      | Reached skill level 5 in Polearms
  2687 | D:5      | Found Pairheem's General Store.
  2693 | D:5      | Bought a scroll of identify for 30 gold pieces
  2726 | D:5      | Found Pig Irch's Tremendous Tomes.
  2756 | D:5      | Reached skill level 1 in Evocations
  2756 | D:5      | Reached XP level 6. HP: 47/47 MP: 6/6
  2839 | D:5      | Noticed Dowan
  2843 | D:5      | Noticed Duvessa
  2850 | D:5      | Killed Duvessa
  2851 | D:5      | Reached skill level 6 in Polearms
  2866 | D:5      | Reached XP level 7. HP: 24/52 MP: 7/7
  2874 | D:5      | Killed Dowan
  3139 | D:5      | Noticed Eustachio
  3159 | D:5      | Killed Eustachio
  3160 | D:5      | Reached skill level 7 in Polearms
  3314 | D:5      | Reached XP level 8. HP: 58/58 MP: 8/8
  3528 | D:5      | Found a broken altar of Ashenzari.
  3741 | D:4      | Noticed Natasha
  3749 | D:4      | Killed Natasha
  3753 | D:4      | Noticed Natasha
  3769 | D:4      | Killed Natasha
  3782 | D:4      | Noticed Natasha
  3961 | D:3      | Reached skill level 8 in Polearms
  4273 | D:4      | Killed Edmund
  4556 | D:4      | Reached skill level 9 in Polearms
  4724 | D:4      | Killed Natasha
  5403 | D:2      | Killed Sigmund
  6566 | D:3      | Found Riopaw's Armour Boutique.
  6765 | D:3      | Found an iron altar of Okawaru.
  7233 | D:4      | Found an ancient bone altar of Kikubaaqudgha.
  7843 | D:5      | Found a burning altar of Makhleb.
  7875 | D:5      | Found Pig Irch's Tremendous Tomes.
  7919 | D:5      | Found Pairheem's General Store.
  8171 | D:5      | Found a broken altar of Ashenzari.
  8473 | D:6      | Reached skill level 10 in Polearms
  8473 | D:6      | Reached XP level 9. HP: 60/64 MP: 9/9
  8852 | D:6      | Reached skill level 11 in Polearms
  9390 | D:7      | Found a staircase to the Ecumenical Temple.
  9857 | D:7      | Reached skill level 12 in Polearms
 10105 | D:7      | Found a shadowy altar of Dithmenos.
 10321 | D:8      | Noticed a manticore
 10321 | D:8      | Found a bloodstained altar of Trog.
 10514 | Temple   | Entered the Ecumenical Temple
 10627 | D:5      | Became a worshipper of Makhleb the Destroyer
 10726 | D:7      | Killed a manticore
 10727 | D:7      | Reached XP level 10. HP: 30/70 MP: 10/10
 10878 | D:7      | Reached skill level 13 in Polearms
 11782 | D:8      | Found an opulent altar of Gozag.
 11918 | D:8      | Found a basalt altar of Yredelemnul.
 12060 | D:8      | Reached * piety under Makhleb
 12164 | D:8      | Found a shimmering blue altar of Sif Muna.
 12224 | D:8      | Reached skill level 14 in Polearms
 12326 | D:8      | Identified a scroll of acquirement
 12328 | D:8      | Acquired a manual of Armour
 12330 | D:8      | Upgraded the game from 0.31-b1-20-g67cafac56d to
                  | 0.31-b1-22-gc680215f68
 12527 | D:9      | Reached skill level 1 in Invocations
 12836 | D:9      | Reached skill level 5 in Armour
 13139 | D:9      | Found a staircase to the Lair.
 13139 | D:9      | Noticed a komodo dragon
 13157 | D:9      | Killed a komodo dragon
 13158 | D:9      | Reached skill level 5 in Invocations
 13238 | D:9      | Reached XP level 11. HP: 75/75 MP: 15/15
 13242 | D:9      | Found a staircase to the Orcish Mines.
 13277 | D:9      | Reached ** piety under Makhleb
 13680 | D:9      | Found a glowing golden altar of the Shining One.
 14050 | D:10     | Entered Level 10 of the Dungeon
 14693 | D:10     | Noticed Erica
 14722 | D:10     | Killed Erica
 15129 | D:11     | Noticed a manticore
 15281 | D:11     | Killed a manticore
 15858 | D:12     | Noticed a manticore
 15867 | D:12     | Killed a manticore
 15867 | D:12     | Reached *** piety under Makhleb
 15868 | D:12     | Reached skill level 10 in Armour
 15905 | D:12     | Reached skill level 10 in Invocations
 16057 | D:12     | Noticed a two-headed ogre
 16069 | D:12     | Killed a two-headed ogre
 16079 | D:12     | Noticed a two-headed ogre
 16181 | D:12     | Reached XP level 12. HP: 81/81 MP: 20/20
 16218 | D:12     | Noticed Jorgrun
 16233 | D:12     | Killed from afar by Jorgrun

Illustrated notes

Levels and vault maps discovered:
D:1:      wander_arrival_desolate, layout_loops_ring, minmay_misc_feat_five
D:2:      layout_basic, uniq_sigmund
D:3:      layout_basic, mainiacjoe_overflow_cross_hatched, serial_rivers,
          chequers_serial_rivers_micro_b, chequers_serial_rivers_micro_a,
          chequers_serial_rivers_large_a, chequers_serial_rivers_micro_a,
          chequers_serial_rivers_micro_d, chequers_serial_rivers_room_a,
          serial_shops, nicolae_shop_real_fake_doors
D:4:      minmay_evil_eye, layout_basic, kiku_gazebo_garden_becter, uniq_edmund,
          uniq_natasha
D:5:      layout_basic, mainiacjoe_overflow_alcove_1,
          mainiacjoe_overflow_catwalk, serial_shops, shop, serial_glass,
          glass_columns_c, glass_columns_c, glass_columns_a, glass_columns_b,
          glass_columns_c, glass_columns_b, glass_columns_b, glass_columns_b,
          glass_columns_a, glass_columns_a, nicolae_shop_i_like_big_books,
          uniq_duvessa, uniq_eustachio, uniq_ijyb
D:6:      layout_cave_pools, minmay_misc_feat_secret_circle
D:7:      layout_basic, mainiacjoe_overflow_alcove_4,
          minmay_temple_entry_gardened_gates, minmay_misc_feat_plants,
          minmay_fractal_squares_gapless_5
D:8:      layout_cave_pods, lemuel_coloured_pillars_altar,
          general_overflow_altar, led_sif_pool, lemuel_round_altar,
          small_statue_intersection
D:9:      layout_basic, nicolae_tso_carved_into_rock,
          grunt_lair_entry_orc_guard_hut, orc_0_dummy
D:10:     layout_roguey, uniq_erica
D:11:     layout_cave_pools
D:12:     layout_irregular_city, uniq_jorgrun
Temple:   nicolae_temple_ecumenical_triangle

Skill      XL: |  1  2  3  4  5  6  7  8  9 10 11 |
---------------+----------------------------------+-----
Polearms       | 3 4 5 6 7 10 12 14 | 14.0
Armour         | 4 6 10 | 10.8
Evocations     | 1 2 3 |  3.0
Invocations    | 5 10 | 10.8
Fighting       | |  3.2
Shields        | |  4.0

Action                     |  1- 3 |  4- 6 |  7- 9 | 10-12 || total
---------------------------+-------+-------+-------+-------++-------
  Melee: Trident           |   127 |   200 |   404 |   729 ||  1460
         Unarmed           |       |       |    19 |       ||    19
 Invoke: Minor Destruction |       |       |       |    21 ||    21
Ability: Shaft Self        |       |     1 |       |       ||     1
  Evoke: Wand              |       |       |       |     7 ||     7
    Use: Scroll            |       |     6 |     1 |    10 ||    17
         Potion            |       |     2 |       |     5 ||     7
   Stab: Paralysed         |       |       |       |     3 ||     3
 Armour: Scale mail        |    68 |   136 |   249 |   294 ||   747
         Skin              |       |       |     6 |       ||     6
  Dodge: Dodged            |    48 |    73 |   186 |   273 ||   580
  Block: Buckler           |    32 |    31 |    90 |    99 ||   252
